 Dungeon Crawl Stone Soup version 0.30-a0-358-g0d69a1922f (webtiles) character file.

Game seed: 15996662228467516500

194 p00ps00p the Chopper (level 5, 0/47 HPs)
             Began as a Hill Orc Fighter on Nov 9, 2022.
             Slain by a gnoll
             ... wielding a +0 halberd
              (11 damage)
             ... on level 3 of the Dungeon.
             The game lasted 00:04:12 (1593 turns).

p00ps00p the Chopper (Hill Orc Fighter)             Turns: 1593, Time: 00:04:13

Health: 0/47       AC:  8    Str: 21    XL:     5   Next: 73%
Magic:  5/5        EV:  9    Int:  8    God:
Gold:   142        SH:  4    Dex: 10    Spells: 4/4 levels left

rFire   . . .      SeeInvis .    a - +0 war axe
rCold   . . .      Faith    .    c - +0 buckler
rNeg    . . .      Spirit   .    b - +0 scale mail
rPois   .          Reflect  .    (no helmet)
rElec   .          Harm     .    (no cloak)
rCorr   .          Rampage  .    m - +0 pair of gloves
Will    .....                    (no boots)
Stlth   ..........               (no amulet)
HPRegen 0.27/turn                (no ring)
MPRegen 0.09/turn                (no ring)

@: studying Axes
A: no striking features
a: no special abilities


You were on level 3 of the Dungeon.
You visited 1 branch of the dungeon, and saw 3 of its levels.

You collected 142 gold pieces.

Inventory:

Hand Weapons
 a - a +0 war axe (weapon)
Missiles
 g - 5 poisoned darts (quivered)
Armour
 b - a +0 scale mail (worn)
 c - a +0 buckler (worn)
 e - the +5 plate armour "Ogrant" {Rampage rF+}
   (You acquired it on level 2 of the Dungeon)

   rF:        It protects you from fire.
   Rampage:   It bestows one free step when moving towards enemies.
 m - a +0 pair of gloves (worn)
Jewellery
 j - a +6 ring of intelligence
Scrolls
 f - 2 scrolls of teleportation
Potions
 h - 2 potions of brilliance {unknown}
 i - a potion of mutation {unknown}
 k - a potion of lignification {unknown}
 n - a potion of curing {unknown}


   Skills:
 + Level 4.9 Fighting
 + Level 5.3 Axes
 + Level 4.4 Armour
 + Level 4.3 Shields


You had 4 spell levels left.
You didn't know any spells.
Your spell library was empty.

Dungeon Overview and Level Annotations

Branches:
Dungeon (3/15)

Altars:
Elyvilon

Annotations:
D:3 2 transporters, Encipher's ghost, weakling OgWr


Message History

You slash the gnoll!
The gnoll is heavily wounded.
The gnoll hits you with a +0 club!
You barely miss the gnoll.
The gnoll is heavily wounded.
The gnoll barely misses you.
You slash the gnoll!
You kill the gnoll!
You barely miss the gnoll. The gnoll hits you but does no damage.
The gnoll hits you from afar with a +0 spear. x2
The gnoll closely misses you.
You barely miss the gnoll. You block the gnoll's attack.
The gnoll hits you from afar with a +0 spear.
You slash the gnoll!
The gnoll is severely wounded.
The gnoll barely misses you. The gnoll closely misses you.
You hit the gnoll.
The gnoll is almost dead.
You block the gnoll's attack. The gnoll closely misses you.
The gnoll hits you with a +0 club.
The gnoll hits you from afar with a +0 spear.
You barely miss the gnoll.
The gnoll is almost dead.
You block the gnoll's attack. The gnoll hits you but does no damage.
You slash the gnoll!
You kill the gnoll!
You block the gnoll's attack. The gnoll hits you with a +0 spear.
The gnoll barely misses you.
Things that are here:
a +0 club; a +0 club; a gnoll corpse You slash the gnoll!
The gnoll is severely wounded.
The gnoll barely misses you.
The gnoll hits you from afar with a +0 halberd!
* * * LOW HITPOINT WARNING * * *
You slash the gnoll!
You kill the gnoll!
You block the gnoll's attack. The gnoll barely misses you.
The gnoll hits you with a +0 halberd!
You die...

...#######
.#.......#
...#####.# ####
#.# #.# #.######
#......#
######.##########
#..)@g......
############


You could see a gnoll.

Vanquished Creatures
  A scorpion (D:3)
  Terence (D:3)
  An adder (D:3)
  3 gnolls (D:3)
  A worm (D:2)
  3 dart slugs
  An orc (D:2)
  9 bats
  2 endoplasms
  2 giant cockroaches
  7 goblins
  4 hobgoblins
  5 quokkas
  7 ball pythons
  2 frilled lizards (D:1)
  3 kobolds
  9 rats
61 creatures vanquished.

Vanquished Creatures (collateral kills)
  A quokka (D:3)
1 creature vanquished.

Grand Total: 62 creatures vanquished

Notes
Turn   | Place    | Note
-------+----------+-------------------------------------------
     0 | D:1      | p00ps00p the Hill Orc Fighter began the quest for the Orb.
     0 | D:1      | Reached XP level 1. HP: 19/19 MP: 1/1
    59 | D:1      | Reached XP level 2. HP: 24/27 MP: 2/2
    65 | D:1      | Reached skill level 3 in Axes
   280 | D:1      | Reached XP level 3. HP: 33/33 MP: 3/3
   599 | D:2      | Identified 2 scrolls of acquirement
   599 | D:2      | Acquired the +5 plate armour "Ogrant" {Rampage rF+}
   600 | D:2      | Acquired a manual of Axes
   908 | D:2      | Found a white marble altar of Elyvilon.
  1053 | D:2      | Reached XP level 4. HP: 38/40 MP: 4/4
  1311 | D:3      | Reached skill level 4 in Axes
  1374 | D:3      | Found a transporter.
  1388 | D:3      | Noticed an ogre
  1388 | D:3      | Noticed Encipher's ghost (weakling OgWr)
  1389 | D:3      | Identified the +1 great mace of the Onslaught {elec, Int+4}
  1389 | D:3      | Noticed an ogre
  1391 | D:3      | Found a transporter.
  1416 | D:3      | Noticed a scorpion
  1426 | D:3      | Killed a scorpion
  1427 | D:3      | Reached XP level 5. HP: 30/47 MP: 5/5
  1439 | D:3      | Noticed Terence
  1449 | D:3      | Killed Terence
  1450 | D:3      | Reached skill level 5 in Axes
  1593 | D:3      | Slain by a gnoll

Illustrated notes

Levels and vault maps discovered:
D:1:      dpeg_arrival_court, layout_basic
D:2:      layout_loops_ring, basic_altar, minmay_tiny_reverse_x
D:3:      layout_basic, gammafunk_ghost_smash, uniq_jessica, uniq_terence,
          uniq_crazy_yiuf_cottage

Skill      XL: |  1  2  3  4  5 |
---------------+----------------+-----
Axes           | 3 4 5 |  5.3
Fighting       | 4 |  4.9
Armour         | 4 |  4.4
Shields        | 4 |  4.3

Action                   |  1- 3 |  4- 6 || total
-------------------------+-------+-------++-------
Melee: War axe           |   102 |    53 ||   155
  Use: Scroll            |     7 |     2 ||     9
       Potion            |       |     1 ||     1
Armor: Scale mail        |    81 |    30 ||   111
Dodge: Dodged            |    59 |    40 ||    99
Block: Buckler           |    36 |    19 ||    55

Table legend: (Time is in decaauts)
 A = Elapsed time spent in this place.
 B = Non-inter-level travel time spent in this place.
 C = Inter-level travel time spent in this place.
 D = Time resting spent in this place.
 E = Time spent auto-exploring this place.
 F = Levels seen in this place.
 G = Mean time per level.
                   A        B        C        D        E       F      G
               +--------+--------+--------+--------+--------+-----+--------+
         Total |   1647 |   1605 |     42 |     54 |   1016 |   3 |  549.0 |
       Dungeon |   1647 |   1605 |     42 |     54 |   1016 |   3 |  549.0 |
               +--------+--------+--------+--------+--------+-----+--------+

Top non-repeatable levels by time:
     D:2: 716 daAuts
     D:1: 601 daAuts
     D:3: 329 daAuts
